 Dungeon Crawl Stone Soup version 0.20.0-15-g7f486f2 (webtiles) character file.

263 Esekla the Cutter (level 6, -3/51 HPs)
             Began as a Tengu Enchanter on June 10, 2017.
             Was a Follower of Vehumet.
             Slain by an iguana (6 damage)
             ... on level 4 of the Dungeon.
             The game lasted 00:36:53 (3518 turns).

Esekla the Cutter (Tengu Enchanter)                 Turns: 3518, Time: 00:36:54

Health: -3/51      AC: 23    Str: 13      XL:     6   Next: 19%
Magic:  5/10       EV:  2    Int: 15      God:    Vehumet [*.....]
Gold:   129        SH:  0    Dex: 12 (15) Spells: 2/9 levels left

rFire    . . .     SeeInvis .   k - +2 dagger (protect)
rCold    . . .     Gourm    .   (no shield)
rNeg     + + +     Faith    .   (armour currently unavailable)
rPois    +         Spirit   .   (helmet currently unavailable)
rElec    .         Reflect  .   (cloak currently unavailable)
rCorr    .         Harm     .   (gloves currently unavailable)
MR       .....     NoTele   +   (boots unavailable)
Stlth    ++........             (no amulet)
Regen    0.2/turn               e - +5 ring of strength
MPRegen  0.2/turn               (no ring)

@: tree-form
A: deterioration 1, dopey 1, able to fly 1
a: Fly, Renounce Religion


You were on level 4 of the Dungeon.
You worshipped Vehumet.
Vehumet was aware of your devotion.
You were not hungry.
You were a tree.
You visited 1 branch of the dungeon, and saw 4 of its levels.

You collected 129 gold pieces.

Inventory:

Hand Weapons
 k - a +2 dagger of protection (weapon)
 l - a +0 dagger of holy wrath
 p - a +2 trident of distortion
Missiles
 a - 5 tomahawks
 o - 51 stones (quivered)
Armour
 b - a +0 robe (melded)
 A - a +0 cloak (melded)
Jewellery
 e - a +5 ring of strength (left branch)
Wands
 x - a wand of enslavement (19/24)
 z - a wand of random effects (35/48)
Scrolls
 f - 4 scrolls of remove curse
 g - a scroll of identify
 h - 2 scrolls of fog {unknown}
 i - a scroll of recharging {unknown}
 j - a scroll of enchant armour {unknown}
 m - a scroll of amnesia {unknown}
 n - a scroll of fear {unknown}
 y - a scroll of blinking {unknown}
Potions
 q - a potion of flight
 v - a potion of lignification
Books
 c - a book of Maledictions

   Spells                             Type                      Level
   a - Corona                         Hexes                        1
   b - Ensorcelled Hibernation        Hexes/Ice                    2
   c - Confuse                        Hexes                        3
   d - Tukima's Dance                 Hexes                        3
   e - Dazzling Spray                 Conjuration/Hexes            3
 r - Jessica's Guide on Augmentations
   (You found it on level 2 of the Dungeon)

   Spells                             Type                      Level
   a - Infusion                       Charms                       1
Comestibles
 d - 4 bread rations
 s - 2 meat rations


   Skills:
 - Level 1.0 Fighting
 * Level 4.7 Short Blades
 + Level 2.9 Dodging
 - Level 3.4 Stealth
 + Level 2.2 Spellcasting
 * Level 2.0 Conjurations
 + Level 2.7 Hexes


You had 2 spell levels left.
You knew the following spells:

 Your Spells              Type           Power        Failure   Level  Hunger
a - Corona                Hex            #......      7%          1    #......
b - Dazzling Spray        Conj/Hex       #.....       24%         3    ###....
c - Confuse               Hex            #.......     21%         3    ###....


Dungeon Overview and Level Annotations

Branches:
Dungeon (4/15)
 Temple: D:4-7

Altars:
Cheibriados
Fedhas
Hepliaklqana
Qazlal
Uskayaw
Vehumet


Innate Abilities, Weirdness & Mutations

((You have a beak for a mouth.))
((You have claws for feet.))
You can fly.
Your body sometimes deteriorates upon taking damage.
You are dopey. (Int -2)


Message History

The iguana bites you but does no damage.
You barely miss the iguana.
The iguana is heavily wounded.
The iguana bites you.
* * * LOW HITPOINT WARNING * * *
Casting: Dazzling Spray
Confirm with . or Enter, or press ? or * to list all spells.
Aiming: Dazzling Spray
Press: ? - help, Shift-Dir - straight line, f/p - iguana
Aim: an iguana (heavily wounded)
The spray of energy hits the iguana.
The iguana is severely wounded.
The iguana is dazzled.
The iguana bites you but does no damage.
You closely miss the iguana.
The iguana is severely wounded.
You barely miss the iguana.
The iguana is severely wounded.
The iguana bites you.
You die...

.#####....# ##.# ....†....<# #(..
.#####....# #...# #..# .# #.#.###
#...########... .. .......####
#...##......#.. #######.......#
#...##.####.### .
#...)..###.#####...##.####.###
...#.##...# #..............<.....
..........###..l♣.............###
...#.####.....................#..
. #.#####..#######...##......#.#
#.......## #...#########.#
#######.# #...# #.. #.#
######...# #.. #.# #........# #..
##########.# #.####...####### ...
...........# #...........##.


You could see an iguana (blind).

Vanquished Creatures
  An orc priest (D:3)
  Crazy Yiuf (D:3)
  Jessica (D:2)
  2 orc wizards
  3 adders
  An ooze (D:2)
  2 worms
  3 dart slugs
  A leopard gecko (D:2)
  10 orcs
  4 giant cockroaches
  8 goblins
  6 hobgoblins
  2 jackals (D:3)
  4 quokkas (D:2)
  A ball python (D:3)
  9 bats
  3 frilled lizards
  9 kobolds
  A quokka skeleton (D:4)
  4 rats
76 creatures vanquished.

Vanquished Creatures (others)
  2 quokkas
2 creatures vanquished.

Grand Total: 78 creatures vanquished

Notes
Turn   | Place    | Note
-------+----------+-------------------------------------------
     0 | D:1      | Esekla the Tengu Enchanter began the quest for the Orb.
     0 | D:1      | Reached XP level 1. HP: 10/10 MP: 4/4
    91 | D:1      | Reached skill level 1 in Fighting
    91 | D:1      | Reached XP level 2. HP: 16/16 MP: 4/6
   710 | D:1      | Found a snail-covered altar of Cheibriados.
   774 | D:2      | Reached XP level 3. HP: 20/20 MP: 5/7
   823 | D:1      | Learned a level 3 spell: Dazzling Spray
  1087 | D:2      | Found a radiant altar of Vehumet.
  1418 | D:2      | Became a worshipper of Vehumet
  1480 | D:2      | Reached skill level 2 in Short Blades
  1659 | D:2      | Reached XP level 4. HP: 23/25 MP: 8/8
  1664 | D:2      | Learned a level 3 spell: Confuse
  1724 | D:2      | Noticed Jessica
  1730 | D:2      | Killed Jessica
  1742 | D:2      | Identified Jessica's Guide on Augmentations
  2020 | D:3      | Reached skill level 3 in Short Blades
  2196 | D:3      | Reached * piety under Vehumet
  2196 | D:3      | Offered knowledge of Sandblast by Vehumet.
  2196 | D:3      | Gained mutation: You can fly. [Tengu growth]
  2196 | D:3      | Reached XP level 5. HP: 29/29 MP: 9/9
  2227 | D:3      | HP: 1/29 [something (5)]
  2232 | D:3      | HP: 1/29 [something/nerve-wracking pain (8)]
  2240 | D:3      | Reached skill level 1 in Conjurations
  2241 | D:3      | Found a stormy altar of Qazlal.
  2295 | D:3      | Found a runed door.
  2394 | D:3      | Found a hide-covered altar of Uskayaw.
  2545 | D:3      | Reached skill level 4 in Short Blades
  2574 | D:3      | Found a hazy altar of Hepliaklqana.
  2576 | D:3      | Found a blossoming altar of Fedhas.
  2625 | D:4      | Gained mutation: Your body sometimes deteriorates upon taking damage. [mutagenic glow]
  2687 | D:3      | Gained mutation: You are dopey. (Int -2) [mutagenic glow]
  2936 | D:3      | Noticed Crazy Yiuf
  2945 | D:3      | Killed Crazy Yiuf
  3268 | D:4      | Reached XP level 6. HP: 20/34 MP: 10/10
  3515 | D:4      | HP: 2/51 [iguana (2)]
  3518 | D:4      | Slain by an iguana

Skill      XL: |  1  2  3  4  5  6 |
---------------+-------------------+-----
Fighting       | 1 |  1.0
Short Blades   | 2 3 4 |  4.7
Conjurations   | 1 2 |  2.0
Dodging        | |  2.9
Stealth        | |  3.4
Spellcasting   | |  2.2
Hexes          | |  2.7

Action                   |  1- 3 |  4- 6 || total
-------------------------+-------+-------++-------
Melee: Dagger            |   107 |   168 ||   275
       Peck              |    15 |    25 ||    40
       Kick              |    20 |    42 ||    62
Throw: Stone             |     3 |     7 ||    10
 Cast: Corona            |     6 |     2 ||     8
       Dazzling Spray    |     1 |     9 ||    10
  Use: Potion            |       |     4 ||     4
       Scroll            |       |     3 ||     3
 Stab: Sleeping          |     5 |     5 ||    10
       Invisible         |       |     2 ||     2
  Eat: Meat ration       |     1 |       ||     1
       Royal jelly       |       |     2 ||     2
       Fruit             |       |     3 ||     3
Armor: Robe              |    21 |    40 ||    61
       Skin              |       |     2 ||     2
Dodge: Dodged            |    49 |   109 ||   158
